 Dungeon Crawl Stone Soup version 0.29-a0-994-gc5c9f59d18 (webtiles) character file.

Game seed: 13152232477524389215

10 tilp the Grave Robber (level 2, -1/20 HPs)
             Began as a Mummy Necromancer on Aug 3, 2022.
             Slain by a jackal (3 damage)
             ... on level 1 of the Dungeon.
             The game lasted 00:01:15 (518 turns).

tilp the Grave Robber (Mummy Necromancer)            Turns: 518, Time: 00:01:15

Health: -1/20      AC:  2    Str: 11    XL:     2   Next: 10%
Magic:  2/5        EV: 12    Int: 14    God:
Gold:   12         SH:  0    Dex: 12    Spells: 5/6 levels left

rFire   x . .      SeeInvis .   (no weapon)
rCold   + . .      Faith    .   (no shield)
rNeg    + + +      Spirit   .   a - +0 robe
rPois   ∞          Reflect  .   (no helmet)
rElec   .          Harm     .   (no cloak)
rCorr   .          Rampage  .   (no gloves)
Will    .....                   (no boots)
Stlth   +.........              (no amulet)
HPRegen 0.06/turn               (no ring)
MPRegen 0.09/turn               (no ring)

@: silenced (expiring)
A: cold resistance 1, negative energy resistance 3, torment resistance 2, heat
vulnerability 1, no potions
a: no special abilities


You were on level 1 of the Dungeon.
You visited 1 branch of the dungeon, and saw 1 of its levels.

You collected 12 gold pieces.

Inventory:

Missiles
 d - 5 poisoned darts
 e - 3 stones
Armour
 a - a +0 robe (worn)
Scrolls
 c - a scroll of poison {unknown}


   Skills:
 * Level 0.8 Fighting
 + Level 1.6 Dodging
 + Level 1.6 Stealth
 + Level 2.9 Spellcasting
 * Level 4.1 Necromancy


You had 5 spell levels left.
You knew the following spells:

 Your Spells              Type           Power      Damage    Failure   Level
a - Necrotise             Necr           52%        1d6       4%          1

Your spell library contained the following spells:

 Spells                   Type           Power      Damage    Failure   Level
 Vampiric Draining        Necr           13%        2d6       12%         3
 Animate Dead             Necr           13%        N/A       36%         4
 Confusing Touch          Hex            2%         N/A       54%         3
 Agony                    Necr           13%        N/A       73%         5
 Yara's Violent Unravell  Hex/Tmut       1%         3d3       99%         5
 Enfeeble                 Hex            1%         N/A       100%        7


Dungeon Overview and Level Annotations

Branches:
Dungeon (1/15)

Altars:


Innate Abilities, Weirdness & Mutations

You are immune to poison.
Your flesh is cold resistant. (rC+)
You are immune to negative energy. (rN+++)
You are immune to unholy pain and torment.
You are vulnerable to heat. (rF-)
You do not drink.


Message History

The giant cockroach barely misses you.
Unknown command.
You closely miss the giant cockroach.
The giant cockroach is almost dead.
The giant cockroach barely misses you.
Unknown command.
Casting: Necrotise (safe; 4% risk of failure)
Confirm with . or Enter, or press ? or * to list all spells.
Aiming: Necrotise (safe; 4% risk of failure)
Press: ? - help, Shift-Dir - straight line, f/p - giant cockroach
Aim: a giant cockroach (almost dead, chance to affect: 83%)
The giant cockroach writhes in agony.
You kill the giant cockroach!
Unknown command.
Unknown command.
The jackal barely misses you. The jackal attacks as you move away!
The jackal bites you.
* * * LOW HITPOINT WARNING * * *
Unknown command.
As you read the scroll labelled WAANGE LYLEC, it crumbles to dust.
A profound silence engulfs you.
It was a scroll of silence.
Magic scrolls do not work when you're silenced!
Unknown command.
Unknown command.
The jackal attacks as you move away! The jackal barely misses you.
The jackal attacks as you move away! The jackal barely misses you.
Found a scroll labelled XEGUUW KOPU.
Found a robe.
The jackal closely misses you.
You see here a scroll labelled XEGUUW KOPU.
The jackal closely misses you. The jackal attacks as you move away!
The jackal bites you but does no damage.
The jackal misses you.
The jackal bites you but does no damage.
The jackal barely misses you. The jackal attacks as you move away!
The jackal barely misses you.
The jackal bites you but does no damage.
The jackal bites you.
You die...

..≈~.#....#
#>#
~~~~.#..#.#
#.#
≈≈~.##....#
###### #†#
≈~~.##..###
#....# #.#
~~..~#..#
#....# #.###
.~..~#..#
#....# #...#
~~.~≈#..#
#?...####..##
~..~≈#..#
#.hh.#.....#
...~≈#
##@###.##.##
..~~≈#
##.....##.#
.~≈≈≈#
###...#####.#
.~≈≈≈#
#.....# #..#
≈≈≈≈≈#
#.##..# #..#
≈≈≈≈≈# #.
#..####..#
###### .
#..##.†..# .
##.##h##.# .[
#..#.##.#


You could see 2 jackals.

Vanquished Creatures
  An endoplasm (D:1)
  2 giant cockroaches (D:1)
  3 jackals (D:1)
  2 rats (D:1)
8 creatures vanquished.

Vanquished Creatures (collateral kills)
  A frilled lizard (D:1)
1 creature vanquished.

Grand Total: 9 creatures vanquished

Notes
Turn   | Place    | Note
-------+----------+-------------------------------------------
     0 | D:1      | tilp the Mummy Necromancer began the quest for the Orb.
     0 | D:1      | Reached XP level 1. HP: 13/13 MP: 4/4
   482 | D:1      | Reached XP level 2. HP: 6/20 MP: 0/5
   500 | D:1      | HP: 1/20 [jackal (2)]
   518 | D:1      | Slain by a jackal

Illustrated notes

Levels and vault maps discovered:
D:1:      dpeg_arrival_more_subterranean_lakeside_camping, layout_rooms,
          minmay_misc_feat_roman

Action                   || total
-------------------------++-------
Melee: Unarmed           ||    33
 Cast: Necrotise         ||    22
  Use: Scroll            ||     1
Armor: Robe              ||     8
Dodge: Dodged            ||    47

Table legend: (Time is in decaauts)
 A = Elapsed time spent in this place.
 B = Non-inter-level travel time spent in this place.
 C = Inter-level travel time spent in this place.
 D = Time resting spent in this place.
 E = Time spent auto-exploring this place.
 F = Levels seen in this place.
 G = Mean time per level.
                   A        B        C        D        E       F      G
               +--------+--------+--------+--------+--------+-----+--------+
         Total |    518 |    518 |      0 |      0 |    398 |   1 |  518.0 |
       Dungeon |    518 |    518 |      0 |      0 |    398 |   1 |  518.0 |
               +--------+--------+--------+--------+--------+-----+--------+

Top non-repeatable levels by time:
     D:1: 518 daAuts
